 Dungeon Crawl Stone Soup version 0.29.0-13-gc9e81de378 (webtiles) character file.

Game seed: 4739916570921868729

207 sanka the Schismatic (level 5, -3/41 HPs)
             Began as a Demonspawn Abyssal Knight on Sept 10, 2022.
             Was an Elder of Lugonu.
             Slain by an iguana (9 damage)
             ... on level 4 of the Dungeon.
             The game lasted 00:05:21 (2664 turns).

sanka the Schismatic (Demonspawn Abyssal Knight)    Turns: 2664, Time: 00:05:22

Health: -3/41      AC: 12    Str: 23    XL:     5   Next: 54%
Magic:  8/8        EV:  6    Int: 15    God:    Lugonu [****..]
Gold:   160        SH:  0    Dex: 16    Spells: 4/4 levels left

rFire   + . .      SeeInvis .   a - +1 spear
rCold   . . .      Faith    .   (no shield)
rNeg    + . .      Spirit   .   m - +1 plate armour of Nagu {rN+ Str+2 Int+2}
rPois   .          Reflect  .   (no helmet)
rElec   .          Harm     .   w - +0 cloak
rCorr   .          Rampage  .   (no gloves)
Will    +....                   (no boots)
Stlth   ..........              (no amulet)
HPRegen 0.13/turn               u - ring "Tifi" {rF+ Will+ Str+6 Dex+2}
MPRegen 0.11/turn               (no ring)

@: no status effects
A: big brain 1, weakness stinger 1
a: Renounce Religion, Depart the Abyss, Bend Space, Banish, Corrupt


You were on level 4 of the Dungeon.
You worshipped Lugonu.
Lugonu was greatly pleased with you.
You visited 1 branch of the dungeon, and saw 4 of its levels.
You visited the Abyss 1 time.

You collected 160 gold pieces.


Innate Abilities, Weirdness & Mutations

You have an unusually large brain. (Int +2)
You have a small tail.


   Skills:
 - Level 3.0 Fighting
 * Level 4.5 Polearms
 - Level 1.7 Armour
 - Level 0.8 Dodging
 + Level 4.7 Invocations


You had 4 spell levels left.
You didn't know any spells.
Your spell library contained the following spells:

 Spells                   Type           Power      Damage    Failure   Level
 Magic Dart               Conj           0%         1d3       99%         1
 Call Imp                 Summ           0%         N/A       100%        2
 Searing Ray              Conj           0%         2d4       100%        2
 Mephitic Cloud           Conj/Pois/Air  0%         N/A       100%        3
 Spider Form              Tmut/Pois      0%         N/A       100%        3
 Flame Wave               Conj/Fire      0%         2d4       100%        4

Inventory:

Hand Weapons
 a - a +1 spear (weapon)
Armour
 b - a +0 leather armour
 m - the +1 plate armour of Nagu (worn) {rN+ Str+2 Int+2}

   Str:       It affects your strength (+2).
   Int:       It affects your intelligence (+2).
   rN:        It protects you from negative energy.
 w - a +0 cloak (worn)
Jewellery
 j - a ring of magical power
 o - a ring of ice
 p - a ring of ice
 u - the ring "Tifi" (left hand) {rF+ Will+ Str+6 Dex+2}

   [ring of strength]

   Str:       It affects your strength (+6).
   Dex:       It affects your dexterity (+2).
   rF:        It protects you from fire.
   Will:      It increases your willpower.
Scrolls
 e - 6 scrolls of teleportation {@r4}
 f - 2 scrolls of enchant armour
 i - a scroll of brand weapon {unknown}
 n - a scroll of fog {unknown}
 r - 2 scrolls of amnesia
 s - a scroll of torment {unknown}
 v - 2 scrolls of silence {!r}
Potions
 c - a potion of attraction {unknown}
 d - a potion of degeneration {unknown}
 g - a potion of flight
 h - a potion of might {unknown}
 q - a potion of brilliance {unknown}
 t - a potion of curing {@q1}

Dungeon Overview and Level Annotations

Branches:
Dungeon (4/15)
 Temple: D:4-7

Altars:

Shops:
D:1 :(![(

Annotations:
D:3 2 transporters, Pim's ghost, amateur MfGl

▒.▒ ▒...l▒▒▒▒▒.........▒
▒.▒ ▒.▒▒..Bg............
▒.▒ ▒.▒▒▒▒▒..▒.........▒
▒.▒ ▒l...▒▒▒...../.....▒
▒.▒▒▒▒▒▒▒▒▒.▒▒...........▒
▒.........▒.▒▒...........▒▒
▒▒▒▒▒▒▒▒▒.▒.▒▒.[...........
▒.▒l▒▒...........▒
▒.▒6▒▒▒▒▒▒▒▒▒▒▒▒... ▒.▒.▒
▒.▒.▒ ▒. ▒.▒£▒ ▒. ▒.▒.▒ ▒..
▒.▒.▒ ▒.▒ ▒.▒.▒ ▒▒.▒ ▒.▒.▒
▒▒▒▒▒..▒▒ ▒.▒ ▒........


You could see an iguana.


Message History

Lugonu accepts your kill.
You can now corrupt the fabric of space.
You hit the hobgoblin. You tail-slap the hobgoblin.
The hobgoblin is almost dead.
The hobgoblin hits you but does no damage.
You closely miss the hobgoblin.
The hobgoblin is almost dead.
The hobgoblin hits you but does no damage.
You hit the hobgoblin but do no damage.
The hobgoblin is almost dead.
You hit the hobgoblin.
You kill the hobgoblin!
Lugonu accepts your kill.
You barely miss the iguana. The iguana bites you.
* * * LOW HITPOINT WARNING * * *
You hit the iguana.
The iguana is moderately wounded.
The iguana bites you.
* * * LOW HITPOINT WARNING * * *
You barely miss the iguana.
Your tail-slap misses the iguana.
The iguana is moderately wounded.
The iguana bites you but does no damage.
You hit the iguana. You tail-slap the iguana.
The iguana is almost dead.
The iguana bites you!
You die...

Action                   |  1- 3 |  4- 6 || total
-------------------------+-------+-------++-------
Melee: Spear             |   123 |    52 ||   175
       Tailslap          |     3 |     3 ||     6
       Punch             |     1 |       ||     1
       Unarmed           |       |    14 ||    14
Invok: Banish            |       |     1 ||     1
  Use: Potion            |       |     5 ||     5
       Scroll            |       |     4 ||     4
 Stab: Sleeping          |     1 |       ||     1
Armor: Leather armour    |    10 |       ||    10
       Plate armour      |    25 |    49 ||    74
       Skin              |       |     8 ||     8
Dodge: Dodged            |    42 |    27 ||    69

Levels and vault maps discovered:
D:1:      amcnicky_arrival_gap_in_the_tavern_cellar, layout_basic, serial_shops,
          nicolae_lakefront_shop, shop, nicolae_shop_crystal, shop,
          nicolae_shop_temple_entry_statues_fountains, minivault_5, st_stairs_8
D:2:      layout_rooms, minmay_heptomino_l4
D:3:      layout_loops_ring, gammafunk_ghost_stat_death,
          shapermc_ecumenical_altar_mp_highgroup
D:4:      layout_basic, grunt_temple_overflow_open, gup_sewer_entry_bowl,
          st_stairs_3, nicolae_kite_square_tiling_tiny

Notes
Turn   | Place    | Note
-------+----------+-------------------------------------------
     0 | Abyss:1  | sanka the Demonspawn Abyssal Knight began the quest for the
                  | Orb.
     0 | Abyss:1  | Reached XP level 1. HP: 18/18 MP: 2/2
     1 | D:1      | Escaped the Abyss
    32 | D:1      | Reached skill level 2 in Polearms
   162 | D:1      | Found Ogroi's Book Emporium.
   184 | D:1      | Gained mutation: You have a small tail. [demonic ancestry]
   184 | D:1      | Reached XP level 2. HP: 24/24 MP: 4/4
   236 | D:1      | Got the Treatise on the Violent Assassin
   357 | D:1      | Found Vuag's Antique Armour Emporium.
   367 | D:1      | Reached skill level 3 in Invocations
   404 | D:1      | Found Paasiurch's Antique Weapon Boutique.
   404 | D:1      | Found Besibierph's Distillery.
   650 | D:1      | Reached *** piety under Lugonu
   684 | D:1      | Reached XP level 3. HP: 29/29 MP: 5/5
   759 | D:1      | Identified the +1 plate armour of Nagu {rN+ Str+2 Int+2}
   943 | D:1      | Found Jietes's Weapon Shoppe.
  1185 | D:2      | Reached skill level 3 in Polearms
  1566 | D:3      | Noticed Pim's ghost (amateur MfGl)
  1567 | D:3      | Found a transporter.
  1599 | D:3      | Found a transporter.
  1607 | D:3      | Identified the ring "Tifi" {rF+ Will+ Str+6 Dex+2}
  2001 | D:3      | Reached XP level 4. HP: 35/35 MP: 6/6
  2135 | D:3      | Found a faded altar of an unknown god.
  2266 | D:3      | Reached **** piety under Lugonu
  2554 | D:4      | Reached skill level 4 in Invocations
  2564 | D:4      | Noticed a necrophage
  2588 | D:4      | HP: 1/35 [necrophage (5)]
  2606 | D:4      | Killed a necrophage
  2607 | D:4      | Reached skill level 4 in Polearms
  2607 | D:4      | Gained mutation: You have an unusually large brain. (Int
                  | +2) [demonic ancestry]
  2607 | D:4      | Reached XP level 5. HP: 20/41 MP: 4/8
  2664 | D:4      | Slain by an iguana

Vanquished Creatures
  A necrophage (D:4)
  A hound (D:4)
  An iguana (D:4)
  An adder (D:2)
  An ufetubus (D:4)
  7 orcs (D:3)
  6 ball pythons
  4 bats
  3 endoplasms
  4 giant cockroaches
  7 goblins
  4 hobgoblins
  4 jackals (D:1)
  3 quokkas
  3 frilled lizards
  6 kobolds
  8 rats
64 creatures vanquished.
